 Seeded DCSS version 0.28-a0-1555-g9ae15a6949 (webtiles) character file.

Game seed: 99 (custom seed)

8 knot the Chopper (level 2, 0/36 HPs)
             Began as a Demonspawn Berserker on Jan 19, 2022.
             Was a Follower of Trog.
             Slain by a kobold (1 damage)
             ... on level 1 of the Dungeon.
             The game lasted 00:00:32 (560 turns).

knot the Chopper (Demonspawn Berserker)              Turns: 560, Time: 00:00:32

Health: 0/36       AC:  2    Str: 17    XL:     2   Next: 0%
Magic:  2/2        EV: 12    Int:  8    God:    Trog [*.....]
Gold:   25         SH:  0    Dex: 12    Spells: 1/1 levels left

rFire   . . .      SeeInvis .   a - +0 hand axe
rCold   . . .      Faith    .   (no shield)
rNeg    . . .      Spirit   .   b - +0 animal skin
rPois   .          Reflect  .   (no helmet)
rElec   .          Harm     .   (no cloak)
rCorr   .          Rampage  .   (no gloves)
Will    .....                   (no boots)
Stlth   ..........              (no amulet)
HPRegen 0.12/turn               (no ring)
MPRegen 0.08/turn               (no ring)

@: berserking, very quick
A: claws 1
a: Renounce Religion, Berserk


You were on level 1 of the Dungeon.
You worshipped Trog.
Trog was aware of your devotion.
You visited 1 branch of the dungeon, and saw 1 of its levels.

You collected 25 gold pieces.

Inventory:

Hand Weapons
 a - a +0 hand axe (weapon)
Missiles
 c - a stone (quivered)
Armour
 b - a +0 animal skin (worn)
Potions
 d - a potion of attraction {unknown}
 e - a potion of curing {unknown}


   Skills:
 - Level 3.0 Fighting
 + Level 3.2 Axes
 - Level 1.7 Armour
 - Level 1.7 Dodging


You had one spell level left.
You didn't know any spells.
Your spell library contained the following spells:

 Spells                   Type           Power      Damage    Failure   Level
 Foxfire                  Conj/Fire      0%         2x1d4     41%         1
 Conjure Flame            Conj/Fire      0%         6-21      78%         3
 Inner Flame              Hex/Fire       0%         N/A       78%         3
 Flame Wave               Conj/Fire      0%         2d4       99%         4


Dungeon Overview and Level Annotations

Branches:
Dungeon (1/15)

Altars:


Innate Abilities, Weirdness & Mutations

You have sharp fingernails.


Message History

You barely miss the kobold. The bat closely misses you.
The kobold hits you with a +2 short sword of freezing.
The kobold freezes you.
You are too injured to fight recklessly!
You are too injured to fight recklessly!
You are too injured to fight recklessly!
You are too injured to fight recklessly!
Unknown command.
A red film seems to cover your vision as you go berserk!
You feel yourself moving faster!
You feel mighty! The bat barely misses you. The giant cockroach misses you.
The kobold hits you with a +2 short sword of freezing.
* * * LOW HITPOINT WARNING * * *
The kobold freezes you.
* * * LOW HITPOINT WARNING * * *
You hit the kobold.
The kobold is moderately wounded.
You closely miss the bat.
You completely miss the giant cockroach.
The bat hits you but does no damage. The bat barely misses you.
The giant cockroach bites you.
* * * LOW HITPOINT WARNING * * *
The kobold hits you with a +2 short sword of freezing.
* * * LOW HITPOINT WARNING * * *
The kobold freezes you.
* * * LOW HITPOINT WARNING * * *
You completely miss the kobold.
The kobold is moderately wounded.
You barely miss the giant cockroach. The bat hits you but does no damage.
The giant cockroach barely misses you.
You barely miss the kobold.
The kobold is moderately wounded.
You barely miss the bat. You hit the giant cockroach.
You kill the giant cockroach!
Trog accepts your kill. The bat hits you but does no damage.
The kobold hits you with a +2 short sword of freezing.
* * * LOW HITPOINT WARNING * * *
The kobold freezes you.
You die...

#... #..## .. ###.
##...###. #.
##....... #.
###.......## #.
...........# ##
#.......###.# ##
#..b.K.....# #.
#..@# #.
##..###############.
#..##..........>.#.
##..##.###.######...
#......# #)...###...
#.###..###.##.......
#.# #......######...
#.###.###### #...
#.....# #...


You could see a bat and a kobold.

Vanquished Creatures
  A bat (D:1)
  3 giant cockroaches (D:1)
  A goblin (D:1)
  A jackal (D:1)
  2 ball pythons (D:1)
8 creatures vanquished.

Notes
Turn   | Place    | Note
-------+----------+-------------------------------------------
     0 | D:1      | knot the Demonspawn Berserker began the quest for the Orb.
     0 | D:1      | Reached XP level 1. HP: 18/18 MP: 1/1
   540 | D:1      | Gained mutation: You have sharp fingernails. [demonic
                  | ancestry]
   540 | D:1      | Reached XP level 2. HP: 24/24 MP: 2/2
   560 | D:1      | HP: 1/36 [kobold (2)]
   560 | D:1      | Slain by a kobold

Illustrated notes

Levels and vault maps discovered:
D:1:      erik_arrival_orb_chamber, layout_loops_ring

Skill      XL: |  1 |
---------------+----+-----
Axes           | 3 |  3.2
Fighting       | |  3.0
Armour         | |  1.7
Dodging        | |  1.7

Action                   || total
-------------------------++-------
Melee: Hand axe          ||    28
Invok: Berserk           ||     2
Armor: Animal skin       ||    10
Dodge: Dodged            ||    25

Table legend: (Time is in decaauts)
 A = Elapsed time spent in this place.
 B = Non-inter-level travel time spent in this place.
 C = Inter-level travel time spent in this place.
 D = Time resting spent in this place.
 E = Time spent auto-exploring this place.
 F = Levels seen in this place.
 G = Mean time per level.
                   A        B        C        D        E       F      G
               +--------+--------+--------+--------+--------+-----+--------+
         Total |    573 |    573 |      0 |    298 |    223 |   1 |  573.0 |
       Dungeon |    573 |    573 |      0 |    298 |    223 |   1 |  573.0 |
               +--------+--------+--------+--------+--------+-----+--------+

Top non-repeatable levels by time:
     D:1: 573 daAuts
